 Dungeon Crawl Stone Soup version 0.30-a0-918-g0ff054e9dc (webtiles) character file.

Game seed: 7896447321286942229

35 cforsyth the Trooper (level 3, -2/29 HPs)
             Began as a Human Fighter on Mar 20, 2023.
             Slain by a goblin
             ... wielding a +0 club
             ... led by Robin
              (5 damage)
             ... on level 2 of the Dungeon.
             The game lasted 00:00:55 (1052 turns).

cforsyth the Trooper (Human Fighter)                Turns: 1052, Time: 00:00:56

Health: -2/29      AC:  6    Str: 18    XL:     3   Next: 55%
Magic:  3/3        EV:  9    Int:  8    God:
Gold:   64         SH:  4    Dex: 12    Spells: 2/2 levels left

rFire   . . .      SeeInvis .    a - +0 flail
rCold   . . .      Faith    .    c - +0 buckler
rNeg    . . .      Spirit   .    b - +0 scale mail
rPois   .          Reflect  .    (no helmet)
rElec   .          Rampage  .    (no cloak)
rCorr   .                        (no gloves)
Will    .....                    (no boots) Stlth
                                 (no amulet)
HPRegen 0.24/turn                (no ring)
MPRegen 0.08/turn                (no ring)

@: no status effects
A: no striking features
a: no special abilities


You were on level 2 of the Dungeon.
You visited 1 branch of the dungeon, and saw 2 of its levels.

You collected 64 gold pieces.

Inventory:

Hand Weapons
 a - a +0 flail (weapon)
Armour
 b - a +0 scale mail (worn)
 c - a +0 buckler (worn)
Jewellery
 f - a ring of see invisible
 g - a ring of protection from cold
Scrolls
 i - a scroll of identify {unknown}
Potions
 d - 2 potions of might
 e - a potion of cancellation {unknown}
 h - a potion of curing {unknown}


   Skills:
 + Level 3.3 Fighting
 + Level 2.5 Maces & Flails
 + Level 3.3 Armour
 + Level 3.3 Shields


You had 2 spell levels left.
You didn't know any spells.
Your spell library contained the following spells:

 Spells                   Type           Power      Damage    Failure   Level
 Lesser Beckoning         Tloc           0%         N/A       95%         2
 Gell's Gravitas          Tloc           0%         N/A       99%         3
 Teleport Other           Tloc           0%         N/A       99%         3


Dungeon Overview and Level Annotations

Branches:
Dungeon (2/15)

Altars:

Shops:
D:1 *

Annotations:
D:2 Robin


Message History

The hobgoblin is heavily wounded.
Robin throws the goblin at you! The goblin hits you but does no damage.
The hobgoblin hits you. The goblin hits you but does no damage.
The hobgoblin hits you. You block the goblin's attack. x2
A goblin comes into view. It is wielding a +0 club.
You closely miss the hobgoblin.
The hobgoblin is heavily wounded.
The goblin shouts!
Robin roars a battlecry!
The hobgoblin goes into a battle-frenzy!
The goblin closely misses you. The goblin hits you but does no damage.
The hobgoblin barely misses you. The goblin hits you but does no damage.
The hobgoblin hits you. The goblin hits you with a +0 dagger.
You are too injured to fight recklessly!
You are too injured to fight recklessly!
You are too injured to fight recklessly!
You are too injured to fight recklessly!
You are too injured to fight recklessly!
You are too injured to fight recklessly!
You are too injured to fight recklessly!
You are too injured to fight recklessly!
You are too injured to fight recklessly!
You miss the goblin.
Robin says, "My goblins will feast on your bones."
The goblin barely misses you. x2; The hobgoblin misses you.
The goblin barely misses you. The goblin hits you with a +0 dagger.
The hobgoblin hits you.
Robin says, "We wiped out the hill dwarves - you're next!"
The goblin barely misses you. The hobgoblin barely misses you.
The goblin hits you but does no damage. The goblin hits you with a +0 club.
The goblin hits you but does no damage. The hobgoblin completely misses you.
As you read the scroll labelled TANLUFF NU AWK, it crumbles to dust.
The creatures around you are filled with an inner flame!
It was a scroll of immolation.
The giant cockroach waves its antennae.
The goblin hits you but does no damage. The goblin hits you with a +0 club.
* * * LOW HITPOINT WARNING * * *
The hobgoblin barely misses you. The goblin barely misses you.
The hobgoblin barely misses you. The goblin hits you with a +0 club.
You die...

............# .>.
###>........###...
#...............
##.............#.
........#.####...
##...#..#.# ###
........#.######
......#gg......#
#..Bg@g........
##[g#gg....#.##
.... .g#......#
###. #########..
.. ##. ##


You could see Robin (inner flame), a giant cockroach (inner flame), 2 hobgoblins
and 5 goblins.

Vanquished Creatures
  2 dart slugs
  3 endoplasms (D:1)
  2 giant cockroaches (D:1)
  6 hobgoblins
  2 jackals (D:1)
  2 quokkas (D:1)
  2 ball pythons (D:1)
  2 bats (D:1)
  5 goblins
26 creatures vanquished.

Notes
Turn   | Place    | Note
-------+----------+-------------------------------------------
     0 | D:1      | cforsyth the Human Fighter began the quest for the Orb.
     0 | D:1      | Reached XP level 1. HP: 18/18 MP: 1/1
    23 | D:1      | Found Nopopn's General Store.
   206 | D:1      | Reached XP level 2. HP: 18/24 MP: 2/2
   480 | D:1      | Reached XP level 3. HP: 29/29 MP: 3/3
  1044 | D:2      | Noticed Robin
  1052 | D:2      | Slain by a goblin

Illustrated notes

Levels and vault maps discovered:
D:1:      nicolae_arrival_somewhat_less_tricky_arrival, layout_basic,
          serial_shops, nicolae_shop_statue_plus, minmay_cupped
D:2:      layout_rooms, minmay_misc_feat_encased, nicolae_figureground_pulse,
          uniq_robin

Action                     || total
---------------------------++-------
  Melee: Flail             ||    63
    Use: Scroll            ||     1
 Armour: Scale mail        ||    36
  Dodge: Dodged            ||    55
  Block: Buckler           ||    13

Table legend: (Time is in decaauts)
 A = Elapsed time spent in this place.
 B = Non-inter-level travel time spent in this place.
 C = Inter-level travel time spent in this place.
 D = Time resting spent in this place.
 E = Time spent auto-exploring this place.
 F = Levels seen in this place.
 G = Mean time per level.
                   A        B        C        D        E       F      G
               +--------+--------+--------+--------+--------+-----+--------+
         Total |   1072 |   1042 |     30 |      0 |    888 |   2 |  536.0 |
       Dungeon |   1072 |   1042 |     30 |      0 |    888 |   2 |  536.0 |
               +--------+--------+--------+--------+--------+-----+--------+

Top non-repeatable levels by time:
     D:1: 1007 daAuts
     D:2: 65 daAuts
